AoeStats
← Hyper Fury

Yucatan

511797760Analyzed
2v2 RM · 9d ago on Oct 6, 2026· 52m 40s· 4 players
Game mode
Random Map
Map size
Medium (4 player)
Population
200
Speed
Normal
Resources
Standard
Victory
Conquest
Starting age
Dark Age
Ending age
Imperial Age
RankedLock teamsTeams togetherTeam positionsShared explorationLock speedFull tech treeHidden civsTurbo modeCheats
Victory
Defeat
🇹🇷 Teutons · Türkiye
839
+14
🇵🇪 Celts · Peru
817
+15
vs
🇨🇾 Teutons · Cyprus
817
-15
🇹🇷 Chinese · Türkiye
778
-14
Hyper Fury
0:34 Loom
14:33 Feudal Age
15:25 Horse Collar
15:33 Double-Bit Axe
19:06 Arson
22:34 Gold Mining
22:34 Stone Mining
28:37 Scale Mail Armor
28:47 Forging
28:28 Fletching
28:38 Padded Archer Armor
28:44 Scale Barding Armor
30:51 Castle Age
36:02 Stone Shaft Mining
36:18 Heavy Plow
36:24 Squires
41:08 Gold Shaft Mining
43:52 Ballistics
43:46 Masonry
45:46 Thumb Ring
45:02 Crossbowman
45:03 Elite Skirmisher
46:43 Wheelbarrow
45:53 Town Watch
47:33 Bow Saw
49:16 Hand Cart
49:03 Town Patrol
CAN GÖÇER
0:34 Loom
10:07 Feudal Age
10:35 Double-Bit Axe
10:51 Horse Collar
11:44 Town Watch
18:21 Castle Age
17:01 Stone Mining
19:06 Heavy Plow
21:47 Bow Saw
24:30 Gold Mining
25:47 Scale Barding Armor
26:30 Bloodlines
26:55 Forging
28:27 Stone Shaft Mining
28:31 Wheelbarrow
29:55 Chain Barding Armor
31:59 Hand Cart
31:47 Town Patrol
32:29 Padded Archer Armor
32:32 Scale Mail Armor
34:44 Fletching
35:25 Masonry
36:55 Ballistics
38:24 Chain Mail Armor
38:46 Iron Casting
40:58 Coinage
44:08 Imperial Age
42:21 Ironclad
42:17 Bodkin Arrow
42:39 Leather Archer Armor
44:13 Elite Teutonic Knight
44:17 Cavalier
46:04 Chemistry
44:50 Arrowslits
46:15 Crop Rotation
45:56 Paladin
47:58 Hoardings
war_xtreme
1:29 Loom
16:34 Feudal Age
19:39 Double-Bit Axe
23:31 Castle Age
22:23 Horse Collar
22:55 Gold Mining
23:17 Man-at-Arms
23:43 Arson
24:02 Scale Mail Armor
24:06 Gambesons
24:34 Forging
25:05 Chain Mail Armor
24:15 Long Swordsman
30:17 Padded Archer Armor
30:48 Fletching
32:29 Leather Archer Armor
33:00 Bow Saw
33:32 Bodkin Arrow
36:02 Heavy Plow
38:51 Heated Shot
39:20 Stronghold
40:10 Ballistics
40:08 Stone Mining
41:55 Masonry
42:57 Murder Holes
44:29 Iron Casting
43:52 Town Watch
48:35 Stone Shaft Mining
kooks
5:39 Loom
12:34 Feudal Age
19:16 Castle Age
17:19 Double-Bit Axe
17:16 Horse Collar
19:57 Bloodlines
19:53 Scale Barding Armor
19:58 Forging
28:20 Pikeman
29:11 Fletching
30:22 Scale Mail Armor
30:37 Squires
33:05 Masonry
36:00 Imperial Age
34:12 Wheelbarrow
34:37 Chain Barding Armor
34:16 Gold Mining
34:29 Heavy Plow
34:44 Bow Saw
35:23 Chain Mail Armor
34:58 Town Watch
35:56 Hand Cart
36:32 Iron Casting
38:00 Chemistry
37:32 Conscription
37:16 Cavalier
38:39 Crop Rotation
39:15 Two-Man Saw
39:00 Elite Teutonic Knight
40:12 Padded Archer Armor
40:07 Bodkin Arrow
40:48 Plate Barding Armor
41:14 Blast Furnace
46:03 Plate Mail Armor
45:48 Leather Archer Armor
45:45 Capped Ram
46:52 Ironclad
46:14 Halberdier
50:20 Ring Archer Armor
50:11 Ballistics
51:39 Paladin
Connection lost

Rejoining the realm…

Still unreachable

The connection could not be restored.

Session expired

The server has moved on; the page needs a fresh start.